 Dungeon Crawl Stone Soup version 0.30-a0-964-gd452b5e7fa (webtiles) character file.

Game seed: 1520909433050690815

2864 jasper the Destroyer (level 9, -3/52 HPs)
             Began as a Tengu Conjurer on Mar 30, 2023.
             Shot with an arrow by a centaur (6 damage)
             ... on level 8 of the Dungeon.
             The game lasted 00:12:18 (6904 turns).

jasper the Destroyer (Tengu Conjurer)               Turns: 6904, Time: 00:12:18

Health: -3/52      AC:  7    Str:  8    XL:     9   Next: 75%
Magic:  10/20      EV: 16    Int: 23    God:
Gold:   365        SH:  0    Dex: 12    Spells: 11/22 levels left

rFire   . . .      SeeInvis .    h - +2 short sword (venom)
rCold   . . .      Faith    .    (no shield)
rNeg    . . .      Spirit   .    a - +0 robe
rPois   .          Reflect  .    (helmet restricted)
rElec   .          Rampage  .    z - +0 cloak
rCorr   .                        (no gloves)
Will    .....                    (boots unavailable)
Stlth   ++                       t - amulet of magic regeneration
HPRegen 0.28/turn                m - +4 ring of protection
MPRegen 0.57/turn                v - ring of wizardry

@: flying quickly and evasively, quick
A: beak, talons 3, nimble flight
a: no special abilities


You were on level 8 of the Dungeon.
You visited 1 branch of the dungeon, and saw 8 of its levels.

You collected 365 gold pieces.

Inventory:

Hand Weapons
 g - a +0 short sword of protection
 h - a +2 short sword of venom (weapon)
 j - a +3 whip
Missiles
 e - 55 stones
 u - 2 throwing nets
 C - 5 curare-tipped darts
Armour
 a - a +0 robe (worn)
 i - a +1 kite shield
 z - a +0 cloak (worn)
Magical Staves
 p - a staff of fire
Jewellery
 m - a +4 ring of protection (left hand)
 q - a +6 ring of dexterity
 t - an amulet of magic regeneration (around neck)
 v - a ring of wizardry (right hand)
Wands
 y - a wand of roots (11)
Scrolls
 f - a scroll of noise
 n - 2 scrolls of fog
 w - a scroll of magic mapping
 A - 2 scrolls of teleportation
 B - a scroll of immolation
 E - a scroll of enchant weapon
 F - a scroll of silence {unknown}
Potions
 b - 2 potions of magic
 c - 3 potions of ambrosia
 d - 2 potions of curing
 k - a potion of brilliance
 l - 2 potions of might
 o - a potion of attraction
 r - 2 potions of degeneration
 s - a potion of lignification


   Skills:
 + Level 4.4 Fighting
 + Level 5.4 Dodging
 - Level 2.0 Stealth
 * Level 7.2 Spellcasting
 + Level 11.0 Conjurations
 - Level 2.0 Hexes
 - Level 2.0 Translocations


You had 11 spell levels left.
You knew the following spells:

 Your Spells              Type           Power      Damage    Failure   Level
a - Magic Dart            Conj           100%       1d8       1%          1
b - Searing Ray           Conj           100%       2d8       1%          2
c - Fulminant Prism       Conj/Hex       19%        3d11      1%          4
d - Iskenderun's Mystic   Conj/Tloc      38%        2d9       1%          4

Your spell library contained the following spells:

 Spells                   Type           Power      Damage    Failure   Level
 Dazzling Flash           Conj/Hex       76%        N/A       1%          3
 Sticky Flame             Conj/Fire      33%        2d5       3%          4
 Ignite Poison            Fire/Tmut/Pois 8%         N/A       9%          3
 Ignition                 Fire           4%         3d4       100%        8


Dungeon Overview and Level Annotations

Branches:
Dungeon (8/15)             Temple (0/1) D:4
   Lair: D:8-11

Altars:
Fedhas
Nemelex Xobeh
Uskayaw

Shops:
D:4 :   D:6 *


Innate Abilities, Weirdness & Mutations

You have a beak for a mouth.
You have claws for feet.
Your magical nature lets you fly swiftly and evasively.


Message History

The mystic blast hits the plant!
The plant begins to die.
The plant is lightly damaged.
The mystic blast hits the centaur.
The centaur is lightly wounded.
The centaur is knocked back by the mystic blast.
The mystic blast hits the plant.
The plant is lightly damaged.
An electric eel comes into view.
The electric eel shoots out a bolt of lightning at you!
The bolt of electricity hits the plant!
The plant begins to die.
The bolt of electricity hits you!
The centaur shoots an arrow.
The arrow closely misses you.
The arrow hits the plant!
The centaur shoots an arrow.
The arrow hits you.
You take 13 damage, and have 36/52 hp.
MASSIVE DAMAGE!!
You now have 13/20 mp.
Casting: Iskenderun's Mystic Blast (dangerous; 1% risk of failure)
Confirm with . or Enter, or press ? or * to list all spells.
Aiming: Fulminant Prism (dangerous; 1% risk of failure)
Press: ? - help, Dir - move target You conjure a prism of explosive energy!
A fulminant prism comes into view.
The electric eel shoots out a bolt of lightning at you!
The bolt of electricity hits the plant!
The bolt of electricity hits you.
The electric eel shoots out a bolt of lightning at you!
The bolt of electricity hits the plant!
The bolt of electricity hits you!
You take 14 damage, and have 22/52 hp.
MASSIVE DAMAGE!!
You now have 9/20 mp.
The electric eel shoots out a bolt of lightning at you!
The bolt of electricity hits the plant.
The bolt of electricity hits you!
* * * LOW HITPOINT WARNING * * *
The electric eel shoots out a bolt of lightning at you!
The bolt of electricity hits the plant!
The bolt of electricity hits you!
* * * LOW HITPOINT WARNING * * *
The centaur unwields a +0 shortbow.
The centaur hits you.
* * * LOW HITPOINT WARNING * * *
The centaur misses you.
The centaur shoots an arrow.
The arrow closely misses you.
The arrow hits the plant.
You take 19 damage, and have 3/52 hp.
MASSIVE DAMAGE!!
A nearby plant withers and dies.
Your fulminant prism crackles loudly.
The centaur shoots an arrow.
The arrow hits you.
You die...

.........#........##..#
#........##.....### ..
###../..#...###.### ..
#......##...# ###
....~~P~~))###
♣~~~~~~~♣)).####
≈S♣♣♣♣~~~P~~~.).....
≈SP~~~~~P~~~~..)....
...*.....@........##
≈~~~~~~c~~P~~....##
≈≈~P~~~cP~~~.....#
~~♣~~~~~~~~#.....#
♣~...~♣♣♣~#........
♣.#.## ###.......# . #.
....... . ##....


You could see 2 centaurs and a friendly fulminant prism.

Vanquished Creatures
  A water moccasin (D:5)
  An orc warrior (D:7)
  A sky beast (D:6)
  A black bear (D:4)
  4 ogres
  A centaur (D:6)
  3 phantoms
  A kobold brigand (D:8)
  3 bullfrogs
  2 scorpions
  12 wights (D:7)
  6 killer bees (D:7)
  An orc priest (D:3)
  A jelly (D:7)
  3 hounds
  3 iguanas
  An orc wizard (D:3)
  Natasha (D:3)
  10 gnolls (D:4)
  10 adders
  A shadow imp (D:6)
  A white imp (D:7)
  A worm (D:4)
  3 dart slugs (D:1)
  13 orcs
  9 ball pythons
  7 endoplasms
  4 giant cockroaches
  7 goblins
  9 hobgoblins
  3 jackals (D:2)
  3 quokkas
  7 bats
  6 frilled lizards
  9 kobolds
  4 rats
153 creatures vanquished.

Vanquished Creatures (others)
  4 fulminant prisms (D:7)
  3 plants (D:8)
7 creatures vanquished.

Grand Total: 160 creatures vanquished

Notes
Turn   | Place    | Note
-------+----------+-------------------------------------------
     0 | D:1      | jasper the Tengu Conjurer began the quest for the Orb.
     0 | D:1      | Reached XP level 1. HP: 10/10 MP: 4/4
   205 | D:1      | Reached XP level 2. HP: 15/15 MP: 4/6
   208 | D:1      | Learned a level 2 spell: Searing Ray
   254 | D:1      | Reached skill level 6 in Conjurations
   570 | D:1      | Reached XP level 3. HP: 19/19 MP: 4/7
  1183 | D:2      | Reached skill level 7 in Conjurations
  1518 | D:2      | Reached XP level 4. HP: 24/24 MP: 2/8
  1523 | D:2      | Learned a level 4 spell: Fulminant Prism
  2043 | D:3      | Reached skill level 8 in Conjurations
  2091 | D:3      | Gained mutation: Your magical nature lets you fly swiftly
                  | and evasively. [Tengu growth]
  2091 | D:3      | Reached XP level 5. HP: 28/28 MP: 5/9
  2280 | D:3      | Noticed Natasha
  2283 | D:3      | Killed Natasha
  2309 | D:3      | Found a sparkling altar of Nemelex Xobeh.
  2559 | D:3      | Reached skill level 9 in Conjurations
  3131 | D:4      | Noticed a black bear
  3135 | D:4      | Reached XP level 6. HP: 32/32 MP: 6/10
  3186 | D:4      | Found a staircase to the Ecumenical Temple.
  3391 | D:4      | Reached skill level 10 in Conjurations
  3654 | D:4      | Found Resadon's Tremendous Tomes.
  3691 | D:4      | Killed a black bear
  3692 | D:4      | Reached skill level 1 in Hexes
  3692 | D:4      | Reached XP level 7. HP: 36/36 MP: 6/11
  3912 | D:4      | Learned a level 4 spell: Iskenderun's Mystic Blast
  4131 | D:4      | Reached skill level 1 in Translocations
  4500 | D:5      | Entered Level 5 of the Dungeon
  5326 | D:6      | Reached XP level 8. HP: 42/42 MP: 10/15
  5378 | D:6      | Reached skill level 1 in Fighting
  5405 | D:6      | Found Qinoit's Serpentskin Sales.
  5658 | D:6      | Reached skill level 5 in Spellcasting
  6064 | D:7      | Reached XP level 9. HP: 50/50 MP: 3/19
  6276 | D:7      | Found a hide-covered altar of Uskayaw.
  6377 | D:7      | Reached skill level 5 in Dodging
  6793 | D:7      | Found a blossoming altar of Fedhas.
  6889 | D:8      | Reached skill level 11 in Conjurations
  6904 | D:8      | Shot with an arrow by a centaur

Illustrated notes

Levels and vault maps discovered:
D:1:      saegor_arrival_under_anarchy, layout_basic
D:2:      minmay_diamond_boxcup, layout_basic
D:3:      layout_basic, nicolae_overflow_crystal_walls, serial_glass,
          glass_columns_c, glass_columns_c, glass_columns_a, glass_columns_a,
          glass_columns_b, glass_columns_a, uniq_natasha
D:4:      layout_loops_ring, temple_statues, nicolae_shop_i_like_big_books,
          wad_floor_pattern_2
D:5:      layout_cave_pods
D:6:      layout_basic, st_stairs_2, guppyfry_shop_venom
D:7:      layout_rooms, fedhas_altar_4, nicolae_overflow_hidden_temple,
          serial_glass, glass_columns_b, glass_columns_c,
          nicolae_figureground_sparkle
D:8:      layout_cave_pools, serial_bayou_lagoon_b, uniq_joseph

Skill      XL: |  1  2  3  4  5  6  7  8  9 |
---------------+----------------------------+-----
Conjurations   | 6 7 8 9 10 11 | 11.0
Hexes          | 1 2 |  2.0
Spellcasting   | 4 6 7 |  7.2
Translocations | 2 |  2.0
Fighting       | 3 4 |  4.4
Dodging        | 4 5 |  5.4
Stealth        | |  2.0

Action                     |  1- 3 |  4- 6 |  7- 9 || total
---------------------------+-------+-------+-------++-------
  Melee: Unarmed           |     5 |       |       ||     5
         Kick              |     2 |     9 |     3 ||    14
         Short sword       |     2 |    44 |    19 ||    65
         Peck              |       |     5 |     4 ||     9
  Throw: Dart              |       |       |     1 ||     1
   Cast: Magic Dart        |    66 |    53 |   116 ||   235
         Searing Ray       |     2 |    12 |    28 ||    42
         Fulminant Prism   |       |       |     5 ||     5
         Iskenderun's Myst |       |       |     7 ||     7
    Use: Scroll            |     4 |     6 |     9 ||    19
         Potion            |       |     2 |     2 ||     4
 Armour: Robe              |     1 |     4 |    18 ||    23
  Dodge: Dodged            |     7 |    33 |    59 ||    99

Table legend: (Time is in decaauts)
 A = Elapsed time spent in this place.
 B = Non-inter-level travel time spent in this place.
 C = Inter-level travel time spent in this place.
 D = Time resting spent in this place.
 E = Time spent auto-exploring this place.
 F = Levels seen in this place.
 G = Mean time per level.
                   A        B        C        D        E       F      G
               +--------+--------+--------+--------+--------+-----+--------+
         Total |   6601 |   6410 |    191 |    296 |   5264 |   8 |  825.1 |
       Dungeon |   6601 |   6410 |    191 |    296 |   5264 |   8 |  825.1 |
               +--------+--------+--------+--------+--------+-----+--------+

Top non-repeatable levels by time:
     D:4: 1264 daAuts
     D:3: 1112 daAuts
     D:1: 1066 daAuts
     D:2: 916 daAuts
     D:7: 870 daAuts
     D:5: 716 daAuts
     D:6: 619 daAuts
     D:8: 36 daAuts
